APP
OGDEN RAPTORS @ SAN FRANCISCO (APP) GIANTS
08/12/2047
 
TOP OF THE 1ST
Ogden Raptors batting - Pitching for San Francisco (APP) Giants : RHP Kenjyu Watanabe
Pitching: RHP Kenjyu Watanabe
Batting: LHB Nate Kee 0-0: Called Strike
0-1: Ball
1-1: Ball
2-1: SINGLE (Flyball, 4D, EV 96.2 MPH)
Batting: RHB Tommy Hunter 0-0: Ball
1-0: 2-RUN HOME RUN (Flyball, 7LD, EV 95.6 MPH), Distance : 354 ft
Batting: LHB Tore Bosch 0-0: Ball
1-0: Ball
2-0: Foul Ball, location: 2F
2-1: Called Strike
2-2: Ball
3-2: Base on Balls
Batting: LHB Steve Pond 0-0: Foul Ball, location: 2F
0-1: Ball
Wild Pitch!
Tore Bosch to second
1-1: Ball
2-1: 2-RUN HOME RUN (Line Drive, 9D, EV 103.1 MPH), Distance : 398 ft
Batting: RHB Jerry Sanchez 0-0: Ground out 6-3 (Groundball, 6, EV 90.6 MPH)
Batting: RHB Jason Baldwin 0-0: Foul Ball, location: 2F
0-1: Ball
1-1: Ball
2-1: Ball
3-1: Base on Balls
Batting: RHB Bob Magana 0-0: Called Strike
0-1: Called Strike
0-2: Strikes out looking
Batting: RHB Chad Rojas 0-0: Called Strike
0-1: Ball
1-1: Called Strike
1-2: Ball
2-2: Fly out, F9 (Flyball, 9D, EV 84.4 MPH)
Top of the 1st over - 4 runs, 3 hits, 0 errors, 1 left on base; Ogden 4 - San Francisco (APP) 0
BOTTOM OF THE 1ST
San Francisco (APP) Giants batting - Pitching for Ogden Raptors : RHP Clyde Miller
Pitching: RHP Clyde Miller
Batting: RHB Ryan Bentz 0-0: Called Strike
0-1: Foul Ball, location: 2F
0-2: Ball
1-2: Hit by Pitch
Batting: LHB Steve Nevis 0-0: Called Strike
Ryan Bentz is caught stealing 2nd base 2-6
0-1: Called Strike
0-2: Foul Ball, location: 2F
0-2: Ball
1-2: DOUBLE (Line Drive, 78D, EV 109.4 MPH)
Batting: RHB Brian Rogers 0-0: Ball
1-0: Ball
2-0: Foul Ball, location: 2F
2-1: Swinging Strike
2-2: Ball
Passed Ball!
Steve Nevis to third
3-2: Foul Ball, location: 2F
3-2: Foul Ball, location: 2F
3-2: 2-RUN HOME RUN (Line Drive, 78XD, EV 116.2 MPH), Distance : 471 ft
Batting: LHB Mason Duffy 0-0: SOLO HOME RUN (Flyball, 9LD, EV 93.8 MPH), Distance : 342 ft
Batting: RHB Billy Pranger 0-0: Swinging Strike
0-1: Ball
1-1: Ball
2-1: Ball
3-1: Swinging Strike
3-2: SINGLE (Line Drive, 9LM, EV 110.0 MPH)
Batting: RHB Coen Dirks 0-0: Ball
Billy Pranger steals 2nd base
1-0: Foul Ball, location: 2F
1-1: Swinging Strike
1-2: Ball
2-2: Ball
3-2: DOUBLE (Line Drive, 5D, EV 102.5 MPH)
Billy Pranger scores
Batting: RHB Ryan Roberts 0-0: Ball
1-0: Ball
2-0: Called Strike
2-1: Ground out 5-3 (Groundball, 56S, EV 78.8 MPH)
Batting: RHB Zach Maguire 0-0: Ball
1-0: Called Strike
1-1: Foul Ball, location: 2F
1-2: Strikes out swinging
Bottom of the 1st over - 4 runs, 5 hits, 0 errors, 1 left on base; Ogden 4 - San Francisco (APP) 4
TOP OF THE 2ND
Ogden Raptors batting - Pitching for San Francisco (APP) Giants : RHP Kenjyu Watanabe
Batting: SHB Josh Vaill 0-0: Called Strike
0-1: Ball
1-1: Called Strike
1-2: Ball
2-2: Foul Ball, location: 2F
2-2: Ball
3-2: Strikes out swinging
Batting: LHB Nate Kee 0-0: Ball
1-0: Called Strike
1-1: SOLO HOME RUN (Flyball, 9D, EV 100.6 MPH), Distance : 381 ft
Batting: RHB Tommy Hunter 0-0: Ground out 6-3 (Groundball, 6, EV 85.0 MPH)
Batting: LHB Tore Bosch 0-0: Called Strike
0-1: Ball
1-1: Ball
2-1: Ball
3-1: Foul Ball, location: 2F
3-2: Foul Ball, location: 2F
3-2: Strikes out swinging
Top of the 2nd over - 1 run, 1 hit, 0 errors, 0 left on base; Ogden 5 - San Francisco (APP) 4
BOTTOM OF THE 2ND
San Francisco (APP) Giants batting - Pitching for Ogden Raptors : RHP Clyde Miller
Batting: RHB Joe Nelson 0-0: Called Strike
0-1: Ball
1-1: Foul Ball, location: 2F
1-2: Ball
2-2: Ball
3-2: Base on Balls
Batting: RHB Ryan Bentz 0-0: Swinging Strike
0-1: Ball
1-1: Ball
2-1: Foul Ball, location: 2F
2-2: Foul Ball, location: 2F
2-2: Ball
3-2: Grounds into double play, 4-6-3 (Groundball, 4, EV 88.1 MPH)
Batting: LHB Steve Nevis 0-0: Ball
1-0: Ball
2-0: Ball
3-0: Called Strike
3-1: Base on Balls
Batting: RHB Brian Rogers 0-0: Ball
1-0: Ball
2-0: Called Strike
2-1: Ball
3-1: Called Strike
Steve Nevis steals 2nd base
3-2: Foul Ball, location: 2F
3-2: Foul Ball, location: 2F
3-2: Foul Ball, location: 2F
3-2: Base on Balls
Batting: LHB Mason Duffy 0-0: Ball
1-0: Called Strike
1-1: Ball
2-1: Foul Ball, location: 2F
2-2: Ball
3-2: Base on Balls
Steve Nevis to third
Brian Rogers to second
Batting: RHB Billy Pranger 0-0: Swinging Strike
0-1: Foul Ball, location: 2F
0-2: Strikes out swinging
Bottom of the 2nd over - 0 runs, 0 hits, 0 errors, 3 left on base; Ogden 5 - San Francisco (APP) 4
TOP OF THE 3RD
Ogden Raptors batting - Pitching for San Francisco (APP) Giants : RHP Kenjyu Watanabe
Batting: LHB Steve Pond 0-0: Ball
1-0: Called Strike
1-1: Swinging Strike
1-2: Ball
2-2: Strikes out swinging
Batting: RHB Jerry Sanchez 0-0: Called Strike
0-1: Called Strike
0-2: Ball
1-2: Foul Ball, location: 2F
1-2: Ball
2-2: Ball
3-2: Ground out 6-3 (Groundball, 6MS, EV 85.6 MPH)
Batting: RHB Jason Baldwin 0-0: Ball
1-0: Called Strike
1-1: SINGLE (Line Drive, 3D, EV 95.0 MPH)
Pitching: LHP Ricky Coats
Batting: RHB Bob Magana 0-0: Ball
1-0: Ball
2-0: Ball
3-0: Called Strike
3-1: Base on Balls
Jason Baldwin to second
Batting: RHB Chad Rojas 0-0: Called Strike
0-1: Called Strike
0-2: Fly out, F9 (Flyball, 89M, EV 86.2 MPH)
Top of the 3rd over - 0 runs, 1 hit, 0 errors, 2 left on base; Ogden 5 - San Francisco (APP) 4
BOTTOM OF THE 3RD
San Francisco (APP) Giants batting - Pitching for Ogden Raptors : RHP Clyde Miller
Batting: RHB Coen Dirks 0-0: Ball
1-0: Foul Ball, location: 2F
1-1: Ball
2-1: Ball
3-1: Swinging Strike
3-2: Base on Balls
Batting: RHB Ryan Roberts 0-0: Called Strike
0-1: Ball
1-1: Ball
Coen Dirks steals 2nd base
2-1: Ground out U3 (Groundball, 34, EV 77.5 MPH)
Coen Dirks to third
Batting: RHB Zach Maguire 0-0: Called Strike
0-1: Swinging Strike
0-2: Foul Ball, location: 2F
0-2: Ball
1-2: Strikes out swinging
Batting: RHB Joe Nelson 0-0: Ball
1-0: Called Strike
1-1: Ball
2-1: Ball
3-1: Swinging Strike
3-2: Ground out 6-3 (Groundball, 6, EV 103.1 MPH)
Bottom of the 3rd over - 0 runs, 0 hits, 0 errors, 1 left on base; Ogden 5 - San Francisco (APP) 4
TOP OF THE 4TH
Ogden Raptors batting - Pitching for San Francisco (APP) Giants : LHP Ricky Coats
Batting: SHB Josh Vaill 0-0: Foul Ball, location: 2F
0-1: Called Strike
0-2: Ball
1-2: Strikes out swinging
Batting: LHB Nate Kee 0-0: Swinging Strike
0-1: Ball
1-1: Foul Ball, location: 2F
1-2: Strikes out swinging
Batting: RHB Tommy Hunter 0-0: Foul Ball, location: 2F
0-1: Ball
1-1: Foul Ball, location: 2F
1-2: SINGLE (Groundball, 4MD, EV 98.8 MPH)
Batting: LHB Tore Bosch 0-0: Ball
Wild Pitch!
Tommy Hunter to second
1-0: Ball
2-0: Swinging Strike
2-1: Ball
3-1: Foul Ball, location: 2F
3-2: Foul Ball, location: 2F
3-2: Strikes out looking
Top of the 4th over - 0 runs, 1 hit, 0 errors, 1 left on base; Ogden 5 - San Francisco (APP) 4
BOTTOM OF THE 4TH
San Francisco (APP) Giants batting - Pitching for Ogden Raptors : RHP Clyde Miller
Batting: RHB Ryan Bentz 0-0: SOLO HOME RUN (Line Drive, 7D, EV 99.4 MPH), Distance : 395 ft
Pitching: LHP Conor Bailey
Batting: LHB Steve Nevis 0-0: Foul Ball, location: 2F
0-1: Ball
1-1: Called Strike
1-2: Foul Ball, location: 2F
1-2: Foul Ball, location: 2F
1-2: Foul Ball, location: 2F
1-2: Ball
2-2: SINGLE (Groundball, 6S, EV 68.1 MPH) (infield hit)
Batting: RHB Brian Rogers 0-0: Ball
1-0: Called Strike
1-1: Ball
Wild Pitch!
Steve Nevis to second
2-1: Ball
3-1: Base on Balls
Batting: LHB Mason Duffy 0-0: Called Strike
0-1: Ball
1-1: Ball
2-1: Ball
3-1: Base on Balls
Steve Nevis to third
Brian Rogers to second
Batting: RHB Billy Pranger 0-0: Ball
1-0: Ball
2-0: Foul Ball, location: 2F
2-1: GRAND SLAM HOME RUN (Flyball, 7D, EV 96.9 MPH), Distance : 379 ft
Pitching: RHP Jimmy Hitchcock
Batting: RHB Coen Dirks 0-0: Ball
1-0: Foul Ball, location: 2F
1-1: Foul Ball, location: 2F
1-2: Ball
2-2: SOLO HOME RUN (Flyball, 78XD, EV 110.6 MPH), Distance : 426 ft
Batting: RHB Ryan Roberts 0-0: Ground out 6-3 (Groundball, 6S, EV 70.6 MPH)
Batting: RHB Zach Maguire 0-0: Called Strike
0-1: Swinging Strike
0-2: Foul Ball, location: 2F
0-2: Strikes out swinging
Batting: RHB Joe Nelson 0-0: Called Strike
0-1: Called Strike
0-2: Ball
1-2: Ball
2-2: Strikes out swinging
Bottom of the 4th over - 6 runs, 4 hits, 0 errors, 0 left on base; Ogden 5 - San Francisco (APP) 10
TOP OF THE 5TH
Ogden Raptors batting - Pitching for San Francisco (APP) Giants : LHP Ricky Coats
Batting: LHB Steve Pond 0-0: Ball
1-0: Ball
2-0: Ball
3-0: Called Strike
3-1: Base on Balls
Batting: RHB Jerry Sanchez 0-0: Called Strike
0-1: Called Strike
0-2: Fielders Choice at 2nd, 6-4 (Groundball, 56, EV 85.6 MPH)
Batting: RHB Jason Baldwin 0-0: Ball
1-0: Foul Ball, location: 2F
1-1: Ball
2-1: Ball
3-1: Swinging Strike
3-2: Base on Balls
Jerry Sanchez to second
Pitching: RHP Mike Zambrano Jr.
Batting: RHB Bob Magana 0-0: Foul Ball, location: 2F
0-1: Ball
1-1: Foul Ball, location: 2F
1-2: Ball
2-2: Ball
3-2: Base on Balls
Jerry Sanchez to third
Jason Baldwin to second
Batting: RHB Chad Rojas 0-0: Ball
1-0: Called Strike
1-1: Swinging Strike
1-2: Grounds into double play, 5-4-3 (Groundball, 56S, EV 85.0 MPH)
Top of the 5th over - 0 runs, 0 hits, 0 errors, 2 left on base; Ogden 5 - San Francisco (APP) 10
BOTTOM OF THE 5TH
San Francisco (APP) Giants batting - Pitching for Ogden Raptors : RHP Jimmy Hitchcock
Batting: RHB Ryan Bentz 0-0: Called Strike
0-1: Ball
1-1: Ball
2-1: Foul Ball, location: 2F
2-2: Ground out 4-3 (Groundball, 4, EV 89.4 MPH)
Batting: LHB Steve Nevis 0-0: Ball
1-0: Called Strike
1-1: DOUBLE (Flyball, 8LXD, EV 93.1 MPH)
Batting: RHB Brian Rogers 0-0: Called Strike
0-1: Swinging Strike
0-2: Ball
1-2: Ball
2-2: Foul Ball, location: 2F
2-2: Ball
3-2: 2-RUN HOME RUN (Flyball, 7D, EV 105.0 MPH), Distance : 396 ft
Batting: LHB Mason Duffy 0-0: Called Strike
0-1: Foul Ball, location: 2F
0-2: Ball
1-2: Foul Ball, location: 2F
1-2: Foul Ball, location: 2F
1-2: Foul Ball, location: 2F
1-2: Ball
2-2: Foul Ball, location: 2F
2-2: Foul Ball, location: 2F
2-2: Ball
3-2: Ground out U3 (Groundball, 34, EV 81.9 MPH)
Batting: RHB Billy Pranger 0-0: Ball
1-0: Ball
2-0: Ball
3-0: Base on Balls
Batting: RHB Coen Dirks 0-0: Called Strike
0-1: Ball
1-1: Ball
2-1: Ball
3-1: Fielders Choice at 2nd, 6-4 (Groundball, 6, EV 85.6 MPH)
Bottom of the 5th over - 2 runs, 2 hits, 0 errors, 1 left on base; Ogden 5 - San Francisco (APP) 12
TOP OF THE 6TH
Ogden Raptors batting - Pitching for San Francisco (APP) Giants : RHP Mike Zambrano Jr.
Batting: SHB Josh Vaill 0-0: Ball
1-0: Ground out U3 (Groundball, 34S, EV 86.9 MPH)
Batting: LHB Nate Kee 0-0: Foul Ball, location: 2F
0-1: Ground out 4-3 (Groundball, 4, EV 86.9 MPH)
Batting: RHB Tommy Hunter 0-0: Ball
1-0: Called Strike
1-1: Ball
2-1: Foul Ball, location: 2F
2-2: Fly out, F7 (Flyball, 78S, EV 84.4 MPH)
Top of the 6th over - 0 runs, 0 hits, 0 errors, 0 left on base; Ogden 5 - San Francisco (APP) 12
BOTTOM OF THE 6TH
San Francisco (APP) Giants batting - Pitching for Ogden Raptors : RHP Jimmy Hitchcock
Batting: RHB Ryan Roberts 0-0: Ball
1-0: Fly out, F8 (Flyball, 89XD, EV 97.5 MPH)
Batting: RHB Zach Maguire 0-0: Ball
1-0: Swinging Strike
1-1: SOLO HOME RUN (Flyball, 7LD, EV 90.0 MPH), Distance : 344 ft
Batting: RHB Joe Nelson 0-0: Ground out 5-3 (Groundball, 56S, EV 91.2 MPH)
Batting: RHB Ryan Bentz 0-0: Ball
1-0: Swinging Strike
1-1: Ball
2-1: Foul Ball, location: 2F
2-2: Foul Ball, location: 2F
2-2: Strikes out looking
Bottom of the 6th over - 1 run, 1 hit, 0 errors, 0 left on base; Ogden 5 - San Francisco (APP) 13
TOP OF THE 7TH
Ogden Raptors batting - Pitching for San Francisco (APP) Giants : RHP Mike Zambrano Jr.
Batting: LHB Tore Bosch 0-0: Fly out, F8 (Line Drive, 8LM, EV 92.5 MPH)
Pinch Hitting: SHB Jesus Gomez 0-0: Called Strike
0-1: Swinging Strike
0-2: Strikes out swinging
Batting: RHB Jerry Sanchez 0-0: SINGLE (Groundball, 56D, EV 95.0 MPH)
Batting: RHB Jason Baldwin 0-0: Called Strike
Jerry Sanchez steals 2nd base (no throw)
0-1: SINGLE (Groundball, 56D, EV 101.2 MPH)
Jerry Sanchez to third
Batting: RHB Bob Magana 0-0: Ball
1-0: Called Strike
1-1: Ball
2-1: Fielders Choice at 2nd, 6-4 (Groundball, 6, EV 83.8 MPH)
Top of the 7th over - 0 runs, 2 hits, 0 errors, 2 left on base; Ogden 5 - San Francisco (APP) 13
BOTTOM OF THE 7TH
San Francisco (APP) Giants batting - Pitching for Ogden Raptors : RHP Jimmy Hitchcock
Pitching: RHP Charles Durand
Now in LF: Jesus Gomez
Pinch Hitting: RHB Malik Sharpless 0-0: Ball
1-0: Ball
2-0: Foul Ball, location: 2F
2-1: Ball
3-1: Foul Ball, location: 2F
3-2: Base on Balls
Batting: RHB Brian Rogers 0-0: Called Strike
0-1: Ball
1-1: Swinging Strike
1-2: Foul Ball, location: 2F
1-2: Ball
2-2: Ball
3-2: Base on Balls
Malik Sharpless to second
Batting: LHB Mason Duffy 0-0: Called Strike
0-1: Foul Ball, location: 2F
0-2: Foul Ball, location: 2F
0-2: Ball
1-2: Ball
2-2: Fly out, F8 (Flyball, 8RD, EV 83.8 MPH)
Batting: RHB Billy Pranger 0-0: Called Strike
0-1: Swinging Strike
0-2: Ball
Wild Pitch!
Malik Sharpless to third
Brian Rogers to second
1-2: Ground out 6-3 (Groundball, 6, EV 104.4 MPH)
Malik Sharpless scores
Batting: RHB Coen Dirks 0-0: Ball
1-0: Foul Ball, location: 2F
1-1: Ball
2-1: Ball
3-1: SINGLE (Groundball, 6D, EV 98.8 MPH)
Brian Rogers to third
Runner from 3rd tries for Home, SAFE, throw by LF to home
Batting: RHB Ryan Roberts 0-0: Called Strike
0-1: Called Strike
0-2: Foul Ball, location: 2F
0-2: Ball
1-2: Strikes out swinging
Bottom of the 7th over - 2 runs, 1 hit, 0 errors, 1 left on base; Ogden 5 - San Francisco (APP) 15
TOP OF THE 8TH
Ogden Raptors batting - Pitching for San Francisco (APP) Giants : RHP Mike Zambrano Jr.
Pitching: RHP Wally Dethridge
Now in LF: Malik Sharpless
Batting: RHB Chad Rojas 0-0: Fly out, F5 (Popup, 56S, EV 78.1 MPH)
Batting: SHB Josh Vaill 0-0: Ground out 4-3 (Groundball, 4, EV 86.9 MPH)
Batting: LHB Nate Kee 0-0: Ball
1-0: Ball
2-0: Ball
3-0: Base on Balls
Batting: RHB Tommy Hunter 0-0: Ground out 5-3 (Groundball, 56S, EV 86.2 MPH)
Top of the 8th over - 0 runs, 0 hits, 0 errors, 1 left on base; Ogden 5 - San Francisco (APP) 15
BOTTOM OF THE 8TH
San Francisco (APP) Giants batting - Pitching for Ogden Raptors : RHP Charles Durand
Batting: RHB Zach Maguire 0-0: Foul Ball, location: 2F
0-1: Ball
1-1: Foul Ball, location: 2F
1-2: Foul Ball, location: 2F
1-2: Foul Ball, location: 2F
1-2: Foul Ball, location: 2F
1-2: Ball
2-2: Ball
3-2: Foul Ball, location: 2F
3-2: Foul Ball, location: 2F
3-2: Foul Ball, location: 2F
3-2: Ground out 5-3 (Groundball, 56, EV 83.1 MPH)
Batting: RHB Joe Nelson 0-0: Ball
1-0: Ball
2-0: Ball
3-0: Base on Balls
Pitching: LHP Randy Dupuis
Batting: RHB Ryan Bentz 0-0: Ball
1-0: Foul Ball, location: 2F
1-1: Called Strike
1-2: Ball
2-2: Fielders Choice at 2nd, 3-6 (Groundball, 34, EV 100.6 MPH)
Batting: RHB Malik Sharpless 0-0: Fielders Choice at 2nd, 5-4 (Groundball, 5, EV 106.9 MPH)
Bottom of the 8th over - 0 runs, 0 hits, 0 errors, 1 left on base; Ogden 5 - San Francisco (APP) 15
TOP OF THE 9TH
Ogden Raptors batting - Pitching for San Francisco (APP) Giants : RHP Wally Dethridge
Batting: LHB Tore Bosch 0-0: Called Strike
0-1: Swinging Strike
0-2: Strikes out swinging
Batting: SHB Jesus Gomez 0-0: Foul Ball, location: 2F
0-1: Called Strike
0-2: Ball
1-2: Ball
2-2: Foul Ball, location: 2F
2-2: Foul Ball, location: 2F
2-2: Ground out 4-3 (Groundball, 4S, EV 83.8 MPH)
Batting: RHB Jerry Sanchez 0-0: Called Strike
0-1: Foul Ball, location: 2F
0-2: Ball
1-2: Foul Ball, location: 2F
1-2: Foul Ball, location: 2F
1-2: SOLO HOME RUN (Flyball, 78XD, EV 114.4 MPH), Distance : 438 ft
Batting: RHB Jason Baldwin 0-0: Fly out, F8 (Line Drive, 8LD, EV 86.9 MPH)
Top of the 9th over - 1 run, 1 hit, 0 errors, 0 left on base; Ogden 6 - San Francisco (APP) 15
Thursday, December 15th , 2022 - OOTP Baseball 23.9 Build 102